 Dungeon Crawl Stone Soup version 0.21.1-1-g345015f (webtiles) character file.

965 keltmir the Conjurer (level 7, -5/36 HPs)
             Began as a Deep Elf Conjurer on Apr 2, 2018.
             Was a Follower of Dithmenos.
             Slain by a gnoll shaman
             ... wielding a +0 whip
              (9 damage)
             ... on level 4 of the Dungeon.
             The game lasted 00:27:34 (5728 turns).

keltmir the Conjurer (Deep Elf Conjurer)            Turns: 5728, Time: 00:27:34

Health: -5/36      AC:  4    Str:  5    XL:     7   Next: 93%
Magic:  12/26      EV: 15    Int: 22    God:    Dithmenos [*.....]
Gold:   229        SH:  0    Dex: 15    Spells: 2/17 levels left

rFire    . . .     SeeInvis .   e - +0 dagger (pain)
rCold    . . .     Gourm    .   (no shield)
rNeg     . . .     Faith    .   l - +0 robe {MR+}
rPois    .         Spirit   .   (no helmet)
rElec    .         Reflect  .   u - +0 cloak
rCorr    .         Harm     .   k - +0 pair of gloves (curse)
MR       +....                  (no boots)
Stlth    ++++......             (no amulet)
HPRegen  0.12/turn              q - ring of magical power
MPRegen  0.20/turn              (no ring)

@: wreathed by umbra
A: no striking features
a: Renounce Religion


You were on level 4 of the Dungeon.
You worshipped Dithmenos.
Dithmenos was aware of your devotion.
You were not hungry.

You visited 1 branch of the dungeon, and saw 5 of its levels.

You collected 229 gold pieces.

Inventory:

Hand Weapons
 e - a +0 dagger of pain (weapon)
 j - a +1 dagger of venom
Armour
 a - a +0 robe
 k - a cursed +0 pair of gloves (worn)
 l - a +0 robe of magic resistance (worn)
 u - a +0 cloak (worn)
Jewellery
 q - a ring of magical power (left hand)
Wands
 f - a wand of acid (7)
 r - a wand of polymorph (12)
Scrolls
 b - a scroll of summoning {unknown}
 h - a scroll of teleportation
 p - a scroll of enchant weapon {unknown}
 t - a scroll of fear {unknown}
 v - a scroll of random uselessness {unknown}
Potions
 d - a potion of cancellation
 g - a potion of ambrosia
 i - 5 potions of curing
 m - 2 potions of heal wounds
 n - a potion of magic
 o - 2 potions of mutation
 x - a potion of brilliance
Books
 y - a book of Misfortune

   Spells                             Type                      Level
   a - Confusing Touch                Hexes                        1
   b - Confuse                        Hexes                        3
   c - Gell's Gravitas                Translocation                3
   d - Petrify                        Transmutation/Earth          4
   e - Metabolic Englaciation         Hexes/Ice                    5
   f - Yara's Violent Unravelling     Hexes/Transmutation          5
Comestibles
 c - 6 rations
 s - 4 chunks of flesh


   Skills:
 + Level 5.2 Dodging
 + Level 5.5 Stealth
 + Level 5.9 Spellcasting
 * Level 7.6 Conjurations
 + Level 0.3 Hexes
 - Level 2.1 Translocations


You had 2 spell levels left.
You knew the following spells:

 Your Spells              Type           Power        Failure   Level  Hunger
a - Magic Dart            Conj           ####         1%          1    None
b - Searing Ray           Conj           #####.       1%          2    None
c - Dazzling Spray        Conj/Hex       ###...       5%          3    #......
d - Force Lance           Conj/Tloc      ####....     12%         4    ###....
e - Blink                 Tloc           N/A          6%          2    None
f - Confuse               Hex            #.......     24%         3    #......


Dungeon Overview and Level Annotations

Branches:
Dungeon (5/15)             Temple (0/1) D:4

Altars:
Ashenzari
Dithmenos
Fedhas
Okawaru
Trog
Vehumet

Shops:
D:4 (


Message History

You kill the gnoll!
Dithmenos accepts your kill.
The gnoll shaman invokes the aid of its god against you.
You resist with almost no effort.
Casting: Magic Dart
Confirm with . or Enter, or press ? or * to list all spells.
Aiming: Searing Ray
Press: ? - help, Shift-Dir - straight line, f - gnoll shaman
Aim: a gnoll shaman, wielding a whip and wearing a glowing leather armour (heavily wounded, umbra)
The searing ray misses the gnoll shaman. (Press . to maintain the ray.)
The gnoll shaman hits you with a whip.
The searing ray hits the gnoll shaman.
The gnoll shaman is severely wounded.
The gnoll shaman hits you with a whip!
* * * LOW HITPOINT WARNING * * *
The searing ray hits the gnoll shaman.
The gnoll shaman is almost dead.
The gnoll shaman hits you with a whip!
You die...

.....####.....#..#
###### #.....#..#
# #........# #
##.##.##.# #
#.......# ######
#.##.##.# .....#
#.##.##.# #...##
#....##†# §§..§##
#.#####@# §§..§§##
#.#####g#
§§..§§§###.......#
§.§§§§§..#.#######
.[_....§...#
.§§..§§§.#.#
§§..§§§###.#
§.§§§§##...#
.§§.§#######


You could see a gnoll shaman.

Vanquished Creatures
  Eustachio (D:4)
  An orc warrior (D:4)
  An ice beast (D:4)
  The ghost of Mirai the Magician, an amateur DECj (D:3)
  A howler monkey (D:4)
  5 orc priests
  An iguana (D:4)
  Natasha (thrice) (D:2)
  2 worker ants (D:4)
  Terence (D:2)
  7 gnolls
  7 adders
  An adder zombie (D:5)
  An adder skeleton (D:4)
  A worm (D:2)
  A dart slug (D:3)
  3 leopard geckos
  11 orcs
  A ball python (D:3)
  9 bats
  2 giant cockroaches (D:1)
  4 goblins
  3 hobgoblins (D:1)
  6 jackals
  4 frilled lizards
  8 kobolds
  5 rats
91 creatures vanquished.

Notes
Turn   | Place    | Note
-------+----------+-------------------------------------------
     0 | D:1      | keltmir the Deep Elf Conjurer began the quest for the Orb.
     0 | D:1      | Reached XP level 1. HP: 10/10 MP: 6/6
   222 | D:1      | Reached XP level 2. HP: 15/15 MP: 4/8
   459 | D:1      | Learned a level 2 spell: Searing Ray
  1024 | D:2      | You fall through a shaft for 2 floors!
  1024 | D:4      | Found a shadowy altar of Dithmenos.
  1027 | D:4      | Became a worshipper of Dithmenos the Shadowed
  1053 | D:5      | Entered Level 5 of the Dungeon
  1125 | D:4      | Reached skill level 5 in Conjurations
  1125 | D:4      | Reached XP level 3. HP: 19/19 MP: 2/10
  1199 | D:4      | Found a staircase to the Ecumenical Temple.
  1411 | D:4      | Found Solaiwna's Weapon Boutique.
  1441 | D:3      | Noticed Mirai's ghost (amateur DECj)
  1449 | D:4      | Reached XP level 4. HP: 21/24 MP: 4/11
  1456 | D:4      | Learned a level 3 spell: Dazzling Spray
  1556 | D:4      | Noticed an orc warrior
  1767 | D:2      | Found a shattered altar of Ashenzari.
  1938 | D:2      | Learned a level 4 spell: Force Lance
  2080 | D:2      | Found a blossoming altar of Fedhas.
  2100 | D:2      | Noticed Natasha
  2106 | D:2      | Killed Natasha
  2106 | D:2      | Reached XP level 5. HP: 28/28 MP: 6/13
  2266 | D:2      | Noticed Natasha
  2274 | D:2      | Killed Natasha
  2323 | D:2      | Noticed Terence
  2330 | D:2      | Killed Terence
  2410 | D:2      | Noticed Natasha
  2415 | D:2      | Killed Natasha
  2500 | D:3      | Reached skill level 6 in Conjurations
  2619 | D:3      | Killed Mirai's ghost
  2619 | D:3      | Reached XP level 6. HP: 32/32 MP: 8/15
  2623 | D:3      | Reached * piety under Dithmenos
  3042 | D:3      | Learned a level 2 spell: Blink
  3654 | D:3      | Reached skill level 5 in Spellcasting
  3975 | D:3      | Found a radiant altar of Vehumet.
  4287 | D:4      | Found a bloodstained altar of Trog.
  4288 | D:4      | Found an iron altar of Okawaru.
  4436 | D:4      | Killed an orc warrior
  4436 | D:4      | Reached skill level 1 in Translocations
  4436 | D:4      | Reached XP level 7. HP: 36/36 MP: 16/16
  4625 | D:4      | Reached skill level 5 in Stealth
  4625 | D:4      | Reached skill level 7 in Conjurations
  4744 | D:5      | Noticed Eustachio
  4784 | D:4      | Killed Eustachio
  4925 | D:4      | Reached skill level 5 in Dodging
  5542 | D:5      | Learned a level 3 spell: Confuse
  5728 | D:4      | Slain by a gnoll shaman

Skill      XL: |  1  2  3  4  5  6  7 |
---------------+----------------------+-----
Dodging        | 3 4 5 |  5.2
Stealth        | 3 4 5 |  5.5
Conjurations   | 5 6 7 |  7.6
Spellcasting   | 4 5 |  5.9
Translocations | 1 2 |  2.1
Hexes          | |  0.3

Action                   |  1- 3 |  4- 6 |  7- 9 || total
-------------------------+-------+-------+-------++-------
Melee: Dagger            |     3 |    12 |     2 ||    17
 Cast: Magic Dart        |    47 |    89 |    26 ||   162
       Searing Ray       |     5 |    19 |    13 ||    37
       Dazzling Spray    |       |     1 |     1 ||     2
       Force Lance       |       |       |     3 ||     3
Evoke: Wand              |       |     2 |       ||     2
  Use: Scroll            |     3 |    10 |     1 ||    14
 Stab: Sleeping          |     2 |     5 |     2 ||     9
  Eat: Chunk             |     2 |     9 |     4 ||    15
Armor: Robe              |     1 |     4 |    11 ||    16
Dodge: Dodged            |    15 |    30 |    54 ||    99
